Map: Odyssey LE

Players

TRUE

  • Race: Zerg Zerg
  • Spawn Location: 5:00

Neeb - Winner!

  • Race: Protoss Protoss
  • Spawn Location: 11:00

Event: WCS Montreal 2017

VOD

Have the link to the VOD?

Description

Time

  • Played on: Sept. 10, 2017, 10:39 a.m.
  • Length: 16:14

All games in this series

Show
View Real Time Build Order
Export as new Build Order

TRUE Zerg 

Build Orders: Hatch First 

Get SALT Encoding   

  12  0:00  Drone  
  13  0:12  Overlord  
  13  0:16  Drone  
  14  0:30  Drone x2  
  14  0:34  Drone  
  17  0:51  Hatchery  
  17  0:54  Drone  
  17  1:08  Spawning Pool  
  16  1:11  Extractor  
  16  1:13  Drone  
  16  1:17  Drone  
  17  1:20  Drone  
  18  1:28  Drone  
  19  1:39  Overlord  
  19  1:55  Queen  
  19  1:56  Zergling x2  
  22  2:01  Drone  
  22  2:02  Queen  
  22  2:05  Drone  
  26  2:12  Metabolic Boost  
  26  2:15  Drone  
  27  2:19  Drone  
  29  2:22  Drone  
  29  2:25  Drone  
  30  2:31  Drone  
  31  2:45  Hatchery  
  30  2:51  Evolution Chamber  
  30  2:54  Queen  
  30  2:57  Drone  
  32  3:00  Drone  
  32  3:03  Overlord  
  33  3:07  Drone  
  33  3:11  Drone  
  33  3:12  Drone  
  36  3:22  Drone x5  
  41  3:34  Queen  
  41  3:35  Zerg Melee Weapons Level 1  
  41  3:38  Drone  
  41  3:40  Overlord  
  44  3:43  Overlord  
  44  3:48  Overlord  
  44  4:00  Queen  
  44  4:01  Zergling x2  
  44  4:02  Zergling x10  
  52  4:06  Zergling x4  
  52  4:07  Zergling x2  
  55  4:14  Zergling x10  
  60  4:26  Overlord  
  60  4:31  Lair  
  60  4:32  Zergling x4  
  60  4:34  Zergling x2  
  60  4:35  Zergling x2  
  60  4:36  Queen  
  67  4:38  Zergling x2  
  67  4:39  Zergling x2  
  67  4:40  Zergling x2  
  67  4:41  Zergling x2  
  70  4:48  Zergling x2  
  68  5:02  Drone x8  
  68  5:04  Drone x3  
  68  5:05  Extractor  
  77  5:08  Drone x2  
  77  5:09  Drone  
  77  5:12  Drone  
  80  5:14  Drone  
  80  5:19  Overlord x2  
  81  5:22  Overlord  
  81  5:23  Extractor  
  81  5:26  Overlord  
  80  5:33  Drone  
  80  5:34  Drone  
  80  5:35  Drone  
  72  5:36  Drone x3  
  72  5:37  Queen  
  72  5:41  Drone x3  
  77  5:46  Zerg Missile Weapons Level 1  
  77  5:50  Roach Warren  
  77  5:51  Zergling x2  
  77  5:52  Zergling x10  
  77  5:53  Zergling x2  
  77  5:55  Zergling x2  
  84  5:59  Zergling x2  
  84  6:03  Zergling x2  
  84  6:04  Hatchery  
  85  6:05  Zergling x2  
  85  6:10  Drone  
  85  6:11  Extractor, Drone x2, Overlord  
  89  6:14  Zergling x2  
  89  6:15  Zergling x2  
  89  6:18  Overlord  
  90  6:19  Overlord x2  
  90  6:22  Drone  
  90  6:23  Drone x3  
  94  6:26  Extractor  
  94  6:28  Zergling x2  
  94  6:30  Zergling x2  
  94  6:31  Glial Reconstitution  
  89  6:34  Zergling x2  
  89  6:37  Zergling x2  
  89  6:38  Zergling x6  
  94  6:42  Zergling x2  
  86  7:03  Roach x2  
  86  7:05  Roach x5  
  86  7:06  Roach x2  
  104  7:12  Roach x5  
  104  7:15  Roach x3  
  116  7:16  Roach  
  115  7:24  Roach  
  115  7:25  Roach x3  
  121  7:30  Overlord x2  
  121  7:31  Zergling x2  
  121  7:32  Zergling x2  
  121  7:35  Zergling x8  
  127  7:38  Zergling x2  
  127  7:40  Zergling x2  
  127  7:41  Zerg Missile Weapons Level 2, Zergling x2  
  127  7:42  Zergling x4  
  127  7:44  Zergling x2  
  133  7:47  Ravager, Overlord  
  133  7:48  Ravager, Overlord  
  133  7:50  Burrow  
  135  7:53  Ravager  
  135  7:54  Ravager x4  
  135  7:55  Zergling x10  
  135  7:58  Zergling x2  
  146  7:59  Zergling x2  
  146  8:04  Zergling x2  
  146  8:05  Zergling x4  
  142  8:06  Zergling x2  
  142  8:08  Zergling x2  
  142  8:10  Zergling x2  
  143  8:13  Zergling x4  
  143  8:17  Zergling x2  
  143  8:18  Zergling x6  
  143  8:19  Zergling x8  
  147  8:20  Zergling x2  
  147  8:22  Zergling x2  
  147  8:25  Zergling x2  
  138  8:28  Zergling x2  
  138  8:30  Zergling x2  
  138  8:32  Zergling x4  
  138  8:33  Zergling x4  
  134  8:37  Zergling x2  
  134  8:38  Zergling x4  
  134  8:39  Zergling x2  
  120  8:42  Zergling x4  
  120  8:45  Zergling x6  
  120  8:47  Zergling x2  
  109  8:50  Zergling x2  
  109  8:53  Zergling x4  
  107  8:55  Zergling x2  
  107  8:56  Zergling x2  
  107  8:59  Ravager x2  
  107  9:01  Zergling x2  
  107  9:02  Zergling x4  
  104  9:03  Zergling x2  
  104  9:06  Hydralisk Den, Zergling x2  
  104  9:07  Zergling x2  
  104  9:08  Zergling x2  
  84  9:23  Drone x9  
  90  9:37  Muscular Augments  
  90  9:38  Hydralisk x4  
  88  9:39  Hydralisk  
  88  9:42  Hydralisk  
  88  9:44  Hydralisk  
  102  9:47  Hydralisk  
  102  9:49  Hydralisk  
  106  9:52  Hydralisk  
  106  9:55  Hydralisk  
  106  9:56  Hydralisk  
  106  9:58  Hydralisk  
  114  10:00  Hydralisk  
  114  10:02  Hydralisk  
  118  10:07  Hydralisk  
  118  10:11  Hydralisk  
  118  10:12  Hydralisk x2  
  122  10:16  Hydralisk x2  
  122  10:21  Roach x2  
  129  10:22  Roach  
  129  10:23  Roach  
  129  10:24  Roach  
  135  10:28  Roach x2  
  135  10:29  Roach  
  135  10:32  Roach x2  
  135  10:34  Roach  
  147  10:36  Roach  
  147  10:37  Roach  
  147  10:39  Roach  
  147  10:40  Roach  
  157  10:43  Roach  
  157  10:44  Overlord  
  157  10:48  Roach  
  159  10:54  Overlord  
  159  10:59  Overseer  
  159  11:01  Overseer  
  159  11:03  Roach  
  159  11:04  Roach x3  
  167  11:10  Roach  
  164  11:14  Roach x4  
  164  11:24  Roach x6  
  173  11:29  Roach  
  175  11:37  Overlord x2  
  175  11:45  Overlord  
  175  11:48  Overlord  
  175  11:57  Roach x5  
  185  12:04  Ravager  
  185  12:05  Ravager x3  
  185  12:07  Zergling x6  
  185  12:08  Zergling x2  
  193  12:11  Roach  
  193  12:14  Roach  
  193  12:15  Roach  
  199  12:35  Roach x2  
  199  12:38  Roach  
  199  12:40  Roach  
  199  13:09  Zergling x2  
  199  13:17  Roach x2  
  187  13:21  Roach  
  187  13:23  Roach x2  
  187  13:24  Roach  
  194  13:27  Roach  
  194  13:29  Roach  
  198  13:40  Zerg Melee Weapons Level 2  
  198  13:42  Zergling x4  
  199  13:53  Roach x2  
  199  13:54  Drone x7  
  197  14:17  Pneumatized Carapace  
  197  14:23  Extractor  
  196  14:28  Roach x3  
  196  14:29  Zergling x4  
  196  14:30  Zergling x2  
  199  14:35  Hatchery  
  197  15:01  Roach  
  197  15:06  Hydralisk Den, Extractor  
  154  15:33  Roach Warren  
  102  15:50  Overlord x5  
Show
View Real Time Build Order
Export as new Build Order

Neeb Protoss - Winner!

Build Orders: Nexus First, Oracle Opening, Phoenix Opening, Archon Immortal, Zealot Archon 

Get SALT Encoding   

  12  0:00  Probe (Chrono Boost)  
  13  0:11  Probe (Chrono Boost)  
  14  0:18  Pylon  
  14  0:22  Probe (Chrono Boost)  
  15  0:36  Probe (Chrono Boost)  
  16  0:47  Probe (Chrono Boost)  
  17  0:57  Probe (Chrono Boost)  
  17  1:03  Nexus  
  18  1:14  Gateway  
  18  1:17  Probe (Chrono Boost)  
  19  1:26  Assimilator  
  19  1:28  Probe (Chrono Boost)  
  20  1:34  Assimilator  
  20  1:38  Probe (Chrono Boost)  
  21  1:44  Pylon  
  21  1:49  Probe (Chrono Boost)  
  22  1:59  Probe (Chrono Boost)  
  23  2:01  Cybernetics Core  
  23  2:10  Probe (Chrono Boost)  
  23  2:15  Probe (Chrono Boost)  
  25  2:20  Probe (Chrono Boost)  
  26  2:25  Probe (Chrono Boost)  
  27  2:30  Probe (Chrono Boost)  
  27  2:36  Probe (Chrono Boost)  
  29  2:37  Adept (Chrono Boost)  
  29  2:38  Stargate  
  29  2:40  Probe  
  29  2:42  Warp Gate (Chrono Boost)  
  32  2:48  Probe  
  32  2:50  Probe  
  34  3:00  Probe  
  34  3:01  Probe, Adept (Chrono Boost)  
  38  3:08  Gateway  
  38  3:11  Probe  
  38  3:12  Probe  
  39  3:14  Assimilator  
  39  3:18  Oracle (Chrono Boost)  
  39  3:19  Pylon  
  40  3:23  Probe  
  40  3:24  Probe  
  45  3:30  Gateway  
  45  3:36  Probe  
  45  3:37  Probe, Adept  
  45  3:39  Pylon  
  49  3:46  Twilight Council  
  49  3:48  Probe  
  50  3:49  Probe  
  50  3:52  Pylon  
  50  3:54  Phoenix  
  51  4:00  Probe  
  51  4:01  Probe  
  55  4:12  Probe  
  55  4:14  Probe  
  57  4:18  Nexus  
  57  4:23  Resonating Glaives (Chrono Boost)  
  57  4:26  Mothership Core  
  57  4:27  Pylon  
  59  4:32  Pylon  
  59  4:40  Adept x3  
  59  4:42  Probe  
  65  4:48  Probe  
  66  4:54  Probe  
  66  4:58  Pylon  
  67  5:00  Probe, Adept  
  67  5:01  Adept x2  
  67  5:06  Probe  
  75  5:10  Assimilator  
  75  5:12  Probe  
  75  5:14  Pylon  
  72  5:18  Probe  
  73  5:21  Adept x3  
  73  5:24  Probe  
  80  5:29  Probe  
  80  5:30  Probe  
  74  5:36  Probe  
  74  5:38  Pylon  
  74  5:40  Probe  
  74  5:42  Probe  
  71  5:45  Robotics Facility  
  71  5:46  Forge  
  71  5:47  Adept x3  
  71  5:49  Probe  
  78  5:50  Probe  
  78  5:55  Assimilator  
  78  5:56  Probe (Chrono Boost)  
  80  5:59  Assimilator  
  80  6:01  Probe (Chrono Boost)  
  80  6:02  Gateway  
  80  6:03  Gateway  
  81  6:04  Probe (Chrono Boost)  
  81  6:07  Gateway  
  81  6:08  Adept x2  
  81  6:09  Sentry  
  81  6:10  Probe (Chrono Boost)  
  89  6:12  Probe (Chrono Boost)  
  89  6:15  Probe (Chrono Boost)  
  91  6:19  Pylon  
  91  6:21  Probe (Chrono Boost), Protoss Ground Weapons Level 1 (Chrono Boost)  
  91  6:23  Probe (Chrono Boost)  
  93  6:27  Probe (Chrono Boost)  
  93  6:30  Immortal (Chrono Boost)  
  92  6:34  Adept x3  
  92  6:37  Charge (Chrono Boost)  
  102  6:43  Gateway  
  102  6:44  Gateway  
  100  7:01  Adept  
  100  7:02  Adept x2  
  100  7:04  Warp Prism  
  100  7:08  Templar Archives  
  104  7:16  Adept  
  104  7:17  Adept x2  
  104  7:19  Pylon  
  104  7:21  Pylon x2  
  108  7:23  Probe x3  
  107  7:35  Immortal  
  107  7:41  Pylon  
  107  7:42  Nexus  
  107  7:43  Pylon  
  111  7:44  High Templar x2, Pylon  
  111  7:45  High Templar x4  
  111  7:48  Archon, Pylon  
  111  7:49  Archon x2  
  123  7:55  Void Ray  
  127  8:09  Zealot x2, Immortal  
  127  8:10  Probe  
  126  8:18  Adept x6  
  126  8:29  Probe  
  126  8:30  Probe  
  126  8:33  Adept  
  126  8:34  Adept  
  111  8:36  Dark Shrine  
  111  8:38  Void Ray  
  111  8:39  Pylon  
  111  8:40  Pylon  
  104  8:42  Adept x2  
  104  8:43  Immortal, Adept x2  
  111  8:53  Probe x3  
  97  9:05  Adept x6  
  97  9:07  Probe  
  103  9:13  Probe  
  104  9:26  High Templar x2, Sentry x2  
  104  9:30  Archon  
  112  9:34  Adept  
  112  9:36  Adept x3  
  112  9:37  Protoss Ground Weapons Level 2, Probe  
  112  9:38  Probe x2  
  123  9:47  Assimilator  
  123  9:51  Photon Cannon  
  127  9:56  Adept x2  
  127  10:00  Probe  
  127  10:01  Assimilator  
  127  10:05  Adept x3  
  134  10:08  Psionic Storm  
  134  10:09  Adept  
  134  10:10  Adept  
  138  10:19  Immortal  
  138  10:24  Dark Templar  
  140  10:30  Probe x3  
  140  10:33  Pylon  
  143  10:36  Pylon  
  143  10:38  Dark Templar  
  143  10:40  Dark Templar  
  147  10:45  Photon Cannon  
  147  10:48  Photon Cannon  
  147  10:51  High Templar  
  149  10:58  Immortal  
  149  11:00  Gateway  
  149  11:01  Photon Cannon  
  149  11:02  Gateway  
  149  11:03  Gateway  
  153  11:15  High Templar x3  
  155  11:34  High Templar  
  155  11:37  Immortal (Chrono Boost)  
  155  11:38  Gateway  
  161  11:40  Pylon  
  161  11:47  Fleet Beacon  
  161  11:48  Gateway  
  161  11:51  Zealot x7  
  175  11:54  Protoss Ground Weapons Level 3  
  175  11:55  Nexus  
  173  12:08  Pylon  
  173  12:10  Pylon  
  173  12:13  High Templar x2, Immortal (Chrono Boost)  
  181  12:17  Archon  
  181  12:25  Zealot x9  
  175  12:47  Immortal (Chrono Boost)  
  175  12:51  Zealot x4  
  189  13:05  High Templar x3  
  187  13:07  High Templar  
  191  13:13  Assimilator  
  191  13:14  Assimilator  
  191  13:17  Photon Cannon  
  191  13:18  Photon Cannon  
  187  13:21  Photon Cannon  
  187  13:23  Photon Cannon  
  187  13:25  Immortal (Chrono Boost)  
  191  13:43  Photon Cannon  
  191  13:44  Pylon  
  189  13:48  Robotics Facility  
  189  13:50  Robotics Facility  
  189  13:59  Immortal (Chrono Boost)  
  179  14:07  Photon Cannon, High Templar x5  
  179  14:08  High Templar  
  179  14:09  Photon Cannon x2  
  185  14:16  Archon x3  
  185  14:17  Protoss Shields Level 1  
  185  14:27  Dark Templar x2, Zealot x5  
  199  14:35  Nexus  
  185  14:52  Zealot x7  
  193  14:56  Pylon  
  193  14:59  Pylon  
  197  15:04  Oracle  
  195  15:23  Immortal (Chrono Boost)  
  193  15:32  Zealot x3  
  187  15:51  Zealot x5  
  197  16:07  Nexus  
Tags
 
Add a new tag
Caveats
  • Supply blocks, unpowered buildings, or Contaminate may cause inaccurate times.
  • Supply counts are checked every 10 seconds.